AoeStats
← otoro1218

Arena

508813446Analyzed
2v2 RM · 9d ago on Sep 24, 2026· 61m 7s· 4 players
Game mode
Random Map
Map size
Medium (4 player)
Population
200
Speed
Normal
Resources
Standard
Victory
Conquest
Starting age
Dark Age
Ending age
Imperial Age
RankedLock teamsTeams togetherTeam positionsShared explorationLock speedFull tech treeHidden civsTurbo modeCheats
Victory
Defeat
🇺🇸 Vikings · United States
1137
+10
🇺🇸 Franks · United States
1136
+10
🇹🇼 Byzantines · Taiwan
1010
-10
🇹🇼 Vietnamese · Taiwan
1001
-10
Fathandzzz
11:22 Feudal Age
11:54 Loom
11:54 Horse Collar
11:59 Double-Bit Axe
17:38 Castle Age
18:32 Bow Saw
18:24 Heavy Plow
25:25 Fletching
26:47 Crossbowman
30:51 Imperial Age
29:05 Gold Mining
30:18 Bodkin Arrow
30:23 Padded Archer Armor
30:24 Scale Mail Armor
29:59 Pikeman
30:39 Squires
31:28 Ballistics
31:18 Arbalester
32:11 Bracer
33:27 Town Watch
34:44 Chemistry
34:03 Leather Archer Armor
34:04 Chain Mail Armor
33:59 Forging
34:17 Squires
34:42 Conscription
35:35 Capped Ram
36:49 Siege Ram
37:57 Treadmill Crane
38:32 Siege Engineers
39:28 Bogsveigar
40:30 Chieftains
40:31 Elite Varangian Guard
42:52 Ring Archer Armor
44:31 Plate Mail Armor
44:11 Forging
43:52 Arson
48:40 Scale Barding Armor
49:12 Iron Casting
50:23 Murder Holes
53:25 Town Patrol
53:41 Fortified Wall
55:12 Blast Furnace
59:29 Hoardings
59:00 Elite Skirmisher
Killacammmmm461
8:07 Loom
11:36 Feudal Age
12:03 Double-Bit Axe
18:32 Castle Age
19:06 Scale Barding Armor
19:12 Forging
22:25 Loom
28:15 Bow Saw
35:21 Imperial Age
34:46 Man-at-Arms
35:12 Gambesons
35:28 Squires
35:13 Arson
35:37 Scale Mail Armor
35:59 Long Swordsman
37:10 Chain Mail Armor
37:30 Iron Casting
37:08 Fletching
37:19 Padded Archer Armor
36:53 Two-Handed Swordsman
37:49 Champion
40:34 Plate Mail Armor
43:42 Cavalier
47:51 Pikeman
50:33 Halberdier
58:01 Light Cavalry
58:44 Husbandry
59:58 Blast Furnace
chenshengyu
11:40 Feudal Age
16:14 Castle Age
14:06 Double-Bit Axe
17:42 Bow Saw
17:49 Horse Collar
20:15 Loom
23:09 Heavy Plow
24:05 Wheelbarrow
25:40 Gold Mining
25:42 Stone Mining
25:57 Husbandry
27:13 Hand Cart
27:39 Scale Barding Armor
28:28 Gold Shaft Mining
31:21 Imperial Age
34:19 Conscription
35:24 Chain Barding Armor
36:42 Heavy Camel Rider
38:19 Logistica
37:31 Elite Cataphract
39:09 Fortified Wall
38:43 Treadmill Crane
40:48 Plate Barding Armor
40:23 Forging
40:59 Elite Skirmisher
41:46 Thumb Ring
42:06 Fletching
42:54 Iron Casting
44:38 Imperial Skirmisher
46:02 Bodkin Arrow
46:10 Padded Archer Armor
47:40 Ballistics
48:21 Chemistry
47:23 Bracer
otoro1218
11:19 Feudal Age
9:34 Loom
12:33 Double-Bit Axe
12:30 Horse Collar
12:45 Gold Mining
13:21 Town Watch
18:56 Castle Age
17:13 Stone Mining
20:15 Heavy Plow
20:28 Bow Saw
21:42 Wheelbarrow
23:30 Elite Skirmisher
25:42 Ballistics
32:39 Imperial Age
32:19 Chatras
32:22 Husbandry
32:33 Bloodlines
33:42 Imperial Skirmisher
34:29 Thumb Ring
38:42 Fletching
38:53 Padded Archer Armor
39:04 Forging
44:25 Crop Rotation
45:40 Crossbowman
46:19 Bodkin Arrow
47:01 Iron Casting
46:20 Elite Battle Elephant
47:51 Scale Barding Armor
48:28 Fortified Wall
48:24 Siege Engineers
48:06 Arrowslits
49:24 Chemistry
53:19 Stone Shaft Mining
55:25 Two-Man Saw
55:32 Crossbowman
61:25 Bracer
Connection lost

Rejoining the realm…

Still unreachable

The connection could not be restored.

Session expired

The server has moved on; the page needs a fresh start.